 Dungeon Crawl Stone Soup version 0.31-a0-150-g89dc3ad700 (webtiles) character file.

Game seed: 14275304269388585761

58 lunkers the Cudgeller (level 4, -1/13 (36) HPs)
             Began as a Meteoran Reaver on June 9, 2023.
             Slain by a jackal (3 damage)
             ... on level 3 of the Dungeon.
             The game lasted 00:03:26 (1427 turns).

lunkers the Cudgeller (Meteoran Reaver)             Turns: 1427, Time: 00:03:26

HP:   -1/13 (36)    AC:  3    Str: 15    XL:     4   Next: 44%
MP:   18/18         EV: 12    Int: 14    God:
Gold: 107           SH:  0    Dex: 13    Spells: 7/8 levels left

rFire   . . .        a - +0 mace
rCold   . . .        (no shield)
rNeg    . . .        b - +0 leather armour
rPois   .            (no helmet)
rElec   .            (no cloak)
rCorr   .            (no gloves)
SInv    .            (no boots)
Will    .....        (no amulet)
Stlth   +            k - ring of magical power
HPRegen 0.22/turn    (no ring)
MPRegen 0.16/turn

%: no passive effects
@: glowing, extremely drained
A: sense surroundings 1, otherworldly, glowing, explore regen
a: no special abilities


You were on level 3 of the Dungeon.
You visited 1 branch of the dungeon, and saw 3 of its levels.

You collected 107 gold pieces.

Inventory:

Hand Weapons
 a - a +0 mace (weapon)
Missiles
 p - 3 curare-tipped darts
Armour
 b - a +0 leather armour (worn)
Jewellery
 k - a ring of magical power (left hand)
Wands
 n - a wand of digging (4)
Scrolls
 c - a scroll of butterflies {unknown}
 d - a scroll of enchant weapon {unknown}
 f - a scroll of magic mapping {unknown}
 i - a scroll of torment {unknown}
 j - 2 scrolls of poison {unknown}
 l - 2 scrolls of identify {unknown}
 m - 4 scrolls of fear {unknown}
 o - a scroll of amnesia {unknown}
Potions
 e - 3 potions of curing {unknown}
 g - 2 potions of mutation {unknown}
 h - a potion of enlightenment {unknown}


   Skills:
 - Level 2.1 Fighting
 + Level 6.3 Maces & Flails
 - Level 2.4 Dodging
 - Level 2.6 Spellcasting
 - Level 3.6 Conjurations


You had 7 spell levels left.
You knew the following spells:

 Your Spells              Type           Power      Damage    Failure   Level
p - Kiss of Death         Conj/Necr      24%        2d7       13%         1

Your spell library contained the following spells:

 Spells                   Type           Power      Damage    Failure   Level
 Momentum Strike          Conj/Tloc      12%        3d8       21%         2
 Hailstorm                Conj/Ice       6%         3d4       36%         3
 Stone Arrow              Conj/Erth      12%        3d7       36%         3
 Animate Armour           Summ/Erth      2%         N/A       95%         4
 Lehudib's Crystal Spear  Conj/Erth      3%         10d2      100%        8


Dungeon Overview and Level Annotations

Branches:
Dungeon (3/15) Zot: 345

Altars:


Innate Abilities, Weirdness & Mutations

You passively map a small area around you.
You are easily found by Zot.
You glow in the dark.
You regain HP and MP as you explore.


Message History

No target in view!
No target in view!
No target in view!
No target in view!
No target in view!
No target in view!
No target in view!
No target in view!
No target in view! 2 jackals come into view.
Found a scroll labelled PONASKI ZICS.
The jackal barks!
You hit the jackal but do no damage.
The jackal bites you but does no damage.
You hit the jackal.
The jackal is heavily wounded.
The jackal closely misses you. The jackal bites you.
You hit the jackal.
The jackal is almost dead.
The jackal closely misses you. The jackal bites you.
The jackal closely misses you.
You hit the jackal but do no damage.
The jackal is almost dead.
The jackal bites you.
* * * LOW HITPOINT WARNING * * *
The jackal bites you but does no damage.
The jackal closely misses you.
The jackal bites you but does no damage.
You miss the jackal.
The jackal is almost dead.
The jackal bites you.
* * * LOW HITPOINT WARNING * * *
The jackal closely misses you.
You hit the jackal.
The jackal is almost dead.
The jackal bites you but does no damage.
The jackal bites you.
* * * LOW HITPOINT WARNING * * *
The jackal bites you.
You die...

* , , ###############
* ..?...hh......# * *
#@......# ,
####.......# ,
##~.~..~~...## # *
,,#.....~..~...## ≈#
#.~.~~~...~..~..##≈#*
≈≈≈~~~~~~.~≈~~≈≈≈≈≈#
, ≈≈≈≈~.~.~.~~≈≈≈≈≈≈#
* #..........~....###
, .###.~..~.....#.#


You could see 2 jackals.

Vanquished Creatures
  An adder (D:3)
  2 worms
  4 ball pythons
  9 bats
  2 endoplasms (D:2)
  2 giant cockroaches (D:2)
  4 goblins
  A hobgoblin (D:2)
  5 jackals
  5 kobolds
  3 quokkas
  A frilled lizard (D:3)
  A rat (D:3)
  A spectral goblin (D:1)
41 creatures vanquished.

Notes
Turn   | Place    | Note
-------+----------+-------------------------------------------
     0 | D:1      | lunkers the Meteoran Reaver began the quest for the Orb.
     0 | D:1      | Reached XP level 1. HP: 17/17 MP: 5/5
   100 | D:1      | Found a faded altar of an unknown god.
   108 | D:1      | Reached XP level 2. HP: 22/22 MP: 6/6
   400 | D:1      | Reached skill level 5 in Maces & Flails
   437 | D:1      | Reached XP level 3. HP: 26/29 MP: 8/8
   484 | D:1      | Glimpsed the power of Zot.
  1078 | D:2      | Glimpsed the power of Zot.
  1191 | D:3      | Reached XP level 4. HP: 21/21 MP: 9/9
  1223 | D:3      | Reached skill level 6 in Maces & Flails
  1427 | D:3      | Slain by a jackal

Illustrated notes

Levels and vault maps discovered:
D:1:      saegor_arrival_simple_e, layout_basic,
          dreamdust_ecumenical_altar_drowned_temple
D:2:      cheibrodos_old_hovel, layout_loops_ring, minmay_puff
D:3:      layout_basic, amcnicky_altar_gilded, chequers_serial_rivers_small_3

Skill      XL: |  1  2  3  4 |
---------------+-------------+-----
Maces & Flails | 5 6 |  6.3
Fighting       | |  2.1
Dodging        | |  2.4
Spellcasting   | |  2.6
Conjurations   | |  3.6

Action                     |  1- 3 |  4- 6 || total
---------------------------+-------+-------++-------
  Melee: Mace              |   125 |    32 ||   157
         Punch             |     1 |     1 ||     2
   Cast: Kiss of Death     |     4 |     2 ||     6
    Use: Scroll            |     1 |       ||     1
 Armour: Leather armour    |    61 |    12 ||    73
  Dodge: Dodged            |    75 |    31 ||   106

Table legend: (Time is in decaauts)
 A = Elapsed time spent in this place.
 B = Non-inter-level travel time spent in this place.
 C = Inter-level travel time spent in this place.
 D = Time resting spent in this place.
 E = Time spent auto-exploring this place.
 F = Levels seen in this place.
 G = Mean time per level.
                   A        B        C        D        E       F      G
               +--------+--------+--------+--------+--------+-----+--------+
         Total |   1453 |   1417 |     36 |      0 |    935 |   3 |  484.3 |
       Dungeon |   1453 |   1417 |     36 |      0 |    935 |   3 |  484.3 |
               +--------+--------+--------+--------+--------+-----+--------+

Top non-repeatable levels by time:
     D:2: 608 daAuts
     D:1: 521 daAuts
     D:3: 323 daAuts
